 Dungeon Crawl Stone Soup version 0.23.2-33-g5129a83184 (webtiles) character file.

Game seed: 3654050804929114267

63 Drevant2 the Shooter (level 3, 0/28 HPs)
             Began as a Centaur Arcane Marksman on Aug 11, 2019.
             Succumbed to an adder's poison
             ... on level 2 of the Dungeon.
             The game lasted 00:04:06 (1534 turns).

Drevant2 the Shooter (Centaur Arcane Marksman)      Turns: 1534, Time: 00:04:06

Health: 0/28       AC:  4    Str: 12    XL:     3   Next: 89%
Magic:  3/4        EV:  9    Int: 12    God:
Gold:   38         SH:  0    Dex: 10    Spells: 3/4 levels left

rFire    . . .     SeeInvis .   a - +0 shortbow
rCold    . . .     Gourm    .   (shield currently unavailable)
rNeg     . . .     Faith    .   e - +0 robe
rPois    .         Spirit   .   (no helmet)
rElec    .         Reflect  .   (no cloak)
rCorr    .         Harm     .   (no gloves)
MR       .....                  (no barding)
Stlth    +.........             (no amulet)
HPRegen  0.09/turn              (no ring)
MPRegen  0.09/turn              (no ring)

@: lethally poisoned (0 -> -11), very quick
A: large, hooves 3, deformed body, speed 2, tough skin 3
a: no special abilities


You were on level 2 of the Dungeon.
You were not hungry.

You visited 1 branch of the dungeon, and saw 2 of its levels.

You collected 38 gold pieces.

Inventory:

Hand Weapons
 a - a +0 shortbow (weapon)
 i - a +0 dagger
Missiles
 b - 72 stones
 d - 11 arrows (quivered)
 g - 14 bolts
 l - a throwing net
Armour
 e - a +0 robe (worn)
Jewellery
 k - a cursed -2 ring of intelligence {unknown}
Scrolls
 c - a scroll of identify {unknown}
 h - 2 scrolls of remove curse {unknown}
Comestibles
 f - 4 rations


   Skills:
 - Level 1.0 Fighting
 + Level 5.7 Bows
 - Level 1.3 Dodging
 - Level 1.0 Spellcasting
 - Level 2.6 Hexes


You had 3 spell levels left.
You knew the following spells:

 Your Spells              Type           Power        Failure   Level  Hunger
a - Corona                Hex            #......      10%         1    ##.....

Your spell library contained the following spells:

 Spells                   Type           Power        Failure   Level  Hunger
 Slow                     Hex            #.......     16%         2    ###....
 Inner Flame              Hex/Fire       #.......     45%         3    ####...
 Portal Projectile        Hex/Tloc       #.....       45%         3    ####...
 Cause Fear               Hex            #.........   69%         4    #####..
 Leda's Liquefaction      Hex/Erth       #.........   86%         4    #####..


Dungeon Overview and Level Annotations

Branches:
Dungeon (2/15)

Altars:


Innate Abilities, Weirdness & Mutations

You have hooves in place of feet.
Armour fits poorly on your strangely shaped body.
You cover ground very quickly.
You have extremely tough skin. (AC +3)


Message History

The arrow hits the adder but does no damage.
The adder is almost dead.
* * * LOW HITPOINT WARNING * * *
You feel sick. The adder closely misses you. The rat barely misses you.
Firing (i - inventory. (/) - cycle)
d - 12 arrows (quivered)
Press: ? - help, Shift-Dir - straight line, f/p - adder
Aim: an adder (almost dead)
You shoot an arrow. The arrow hits the adder!
You kill the adder!
* * * LOW HITPOINT WARNING * * *
You feel sick. The rat bites you but does no damage.
Okay, then.
Okay, then.
Casting: Corona (safe; 10% risk of failure)
Confirm with . or Enter, or press ? or * to list all spells.
Aiming: Corona (safe; 10% risk of failure)
Press: ? - help, Shift-Dir - straight line, f - rat
Aim: a rat (chance to defeat MR: 59%)
The rat struggles to resist.
You die...

###.#..#........
#.#.(.........
#####.#.#..###..##
#.......(..###...#
#.................
#................. #
#.................
....###r(...............
......†@.((.(...........
....##..................
# ####........<.....!
..................
######............
#............
#......###### #..##..#
#.# #..#


You could see a rat.

Vanquished Creatures
  2 adders
  A dart slug (D:1)
  2 leopard geckos
  4 giant cockroaches (D:1)
  4 goblins
  4 hobgoblins (D:1)
  6 kobolds
  2 quokkas
  4 bats (D:1)
  3 frilled lizards (D:1)
  12 rats
44 creatures vanquished.

Notes
Turn   | Place    | Note
-------+----------+-------------------------------------------
     0 | D:1      | Drevant2 the Centaur Arcane Marksman began the quest for
                  | the Orb.
     0 | D:1      | Reached XP level 1. HP: 16/16 MP: 2/2
     6 | D:1      | Reached skill level 3 in Bows
   152 | D:1      | Reached XP level 2. HP: 22/23 MP: 3/3
   240 | D:1      | Reached skill level 4 in Bows
   562 | D:1      | Reached XP level 3. HP: 24/28 MP: 4/4
   885 | D:1      | Reached skill level 5 in Bows
  1533 | D:2      | HP: 1/28 [poisoned by an adder]
  1534 | D:2      | Succumbed to an adder's poison

Skill      XL: |  1  2  3 |
---------------+----------+-----
Bows           | 3 4 5 |  5.7
Fighting       | |  1.0
Dodging        | |  1.3
Spellcasting   | |  1.0
Hexes          | |  2.6

Action                   || total
-------------------------++-------
Melee: Dagger            ||    20
       Kick              ||     3
 Fire: Shortbow          ||   151
 Cast: Corona            ||     1
  Eat: Chunk             ||     1
Armor: Robe              ||    42
Dodge: Dodged            ||    56
